Description

maru build

VOD

https://youtu.be/CMI2b9FrPyU

Replay - herO v Maru: Game 2 - [ESL] Inside and Out

Build Order

Get SALT Encoding   

  12  0:00  SCV  
  13  0:12  SCV  
  14  0:17  Supply Depot  
  14  0:24  SCV  
  15  0:38  SCV  
  15  0:40  Barracks  
  16  0:44  Refinery  
  16  0:51  SCV  
  16  0:54  Refinery  
  17  1:03  SCV  
  18  1:15  SCV  
  19  1:27  Reaper, Orbital Command  
  19  1:31  Supply Depot  
  20  1:44  Factory  
  20  1:52  SCV  
  21  2:00  Barracks Reactor  
  21  2:04  SCV  
  22  2:17  SCV  
  22  2:20  Command Center  
  23  2:28  Hellion  
  26  2:38  Starport  
  27  2:44  Supply Depot  
  27  2:49  Widow Mine  
  29  2:56  Marine  
  31  3:05  Marine  
  33  3:14  Marine  
  33  3:19  Widow Mine, Viking  
  39  3:23  Marine  
  39  3:30  Supply Depot  
  40  3:40  Barracks  
  40  3:41  Marine  
  42  3:49  Factory Tech Lab  
  42  3:52  Orbital Command  
  42  3:56  Marine  
  42  4:00  Starport Tech Lab  
  45  4:10  Barracks  
  45  4:11  Marine x2  
  47  4:18  Raven  
  51  4:25  Engineering Bay  
  51  4:31  Marine x2  
  52  4:40  Factory Tech Lab  
  52  4:42  Stimpack, Factory Reactor  
  52  4:45  Supply Depot  
  57  4:53  Bunker  
  57  4:54  Terran Infantry Weapons Level 1  
  60  5:00  Marauder  
  61  5:08  Refinery  
  61  5:09  Starport Reactor  
  61  5:11  Combat Shield  
  70  5:28  Widow Mine  
  70  5:36  Widow Mine  
  70  5:38  Marauder  
  77  5:46  Marauder  
  77  5:48  Medivac x2  
  86  6:03  Marauder  
  86  6:04  Widow Mine x2  
  93  6:15  Marauder  
  93  6:29  Marauder  
  87  6:47  Medivac x2  
  90  6:48  Concussive Shells  
  91  6:59  Marauder  
  92  7:06  Terran Infantry Armor Level 1  
  92  7:08  Marauder  
  95  7:22  Medivac, Marauder  
  100  7:29  Marauder  
  102  7:35  Widow Mine x2  
  103  7:53  Medivac  
  103  7:56  Widow Mine x2  
  107  8:13  Command Center  
  107  8:16  Medivac  
  107  8:19  Refinery  
  119  8:35  Barracks x2  
  120  8:42  Medivac  
  130  9:08  Ghost Academy  
  124  9:30  Orbital Command  
  122  9:47  Barracks Tech Lab x2  
  122  9:58  Ghost  
Spawning Tool Build Advisor. Get it on Overwolf

Go to:

Details

  • Created by: neoaer
  • Published on: Sep 18, 2022
  • Modified on: Sep 18, 2022
  • Patch: 4.11.0
  • Difficulty: Medium
Show
View Real Time Build Order
Export as new Build Order

Comments (0)

There are no comments. Be the first!

Create an account to comment!